Map: [G8] Gresvan

Players

Clem - Winner!

  • Race: Terran Terran
  • Spawn Location: 5:00

Dark

  • Race: Zerg Zerg
  • Spawn Location: 11:00

Event: Gamers8 2023

VOD

Have the link to the VOD?

Description

Time

  • Played on: Aug. 3, 2023, 8:33 a.m.
  • Length: 39:28

All games in this series

Show
View Real Time Build Order
Export as new Build Order

Clem Terran - Winner!

Build Orders:  

Get SALT Encoding   

  12  0:00  SCV  
  13  0:12  SCV  
  14  0:20  Supply Depot  
  14  0:24  SCV  
  15  0:42  SCV  
  16  0:43  Barracks  
  16  0:45  Refinery  
  16  0:54  SCV  
  17  0:58  Barracks  
  17  1:06  SCV  
  18  1:18  SCV  
  19  1:24  Barracks  
  19  1:26  Refinery  
  19  1:30  Reaper  
  20  1:41  Orbital Command  
  20  1:46  Reaper  
  21  1:55  Supply Depot  
  21  2:02  Reaper  
  23  2:14  Reaper  
  23  2:16  SCV  
  23  2:18  Reaper  
  23  2:22  Supply Depot  
  25  2:32  SCV  
  25  2:34  Reaper  
  27  2:44  SCV  
  28  2:46  Reaper  
  28  2:50  Reaper  
  30  3:01  Command Center  
  30  3:04  SCV  
  31  3:08  Reaper  
  32  3:18  Reaper  
  32  3:19  SCV  
  33  3:22  Reaper  
  33  3:31  SCV, Supply Depot  
  34  3:43  SCV  
  34  3:47  Barracks Tech Lab  
  34  3:52  Barracks Reactor  
  34  3:55  Factory, SCV  
  34  3:57  Barracks Reactor  
  34  4:05  Marine  
  34  4:07  SCV  
  36  4:12  Orbital Command  
  36  4:16  Stimpack  
  36  4:19  SCV  
  37  4:24  Marine  
  37  4:29  Marine x2  
  40  4:31  SCV  
  40  4:33  Marine x2  
  43  4:39  Starport, SCV  
  43  4:40  Factory Reactor  
  43  4:42  Marine  
  43  4:43  SCV  
  46  4:47  Marine  
  46  4:51  Marine, SCV  
  49  4:53  Marine  
  49  4:55  SCV  
  49  4:56  Marine  
  52  5:00  Marine  
  52  5:03  SCV  
  52  5:04  Supply Depot  
  54  5:07  Marine, SCV  
  54  5:14  Marine x3  
  56  5:16  SCV  
  56  5:17  Marine  
  56  5:20  SCV  
  62  5:23  Factory Tech Lab  
  62  5:25  Marine  
  62  5:26  Medivac x2, Supply Depot  
  62  5:28  SCV  
  68  5:31  Marine  
  68  5:32  Refinery, SCV  
  70  5:45  Command Center  
  70  5:47  Marine x3  
  70  5:48  SCV  
  70  5:49  Supply Depot  
  74  5:52  Siege Tank  
  74  5:54  SCV  
  78  6:00  Supply Depot  
  78  6:10  Marine x4, SCV  
  83  6:12  Marine  
  83  6:13  Engineering Bay  
  83  6:16  Engineering Bay  
  83  6:17  SCV  
  85  6:18  Refinery  
  85  6:25  Siege Tank  
  88  6:27  SCV  
  88  6:28  Marine x3  
  88  6:31  SCV  
  88  6:32  Supply Depot  
  93  6:34  Combat Shield  
  93  6:39  SCV  
  94  6:40  Terran Infantry Weapons Level 1  
  94  6:43  Terran Infantry Armor Level 1  
  94  6:50  Supply Depot  
  94  6:53  Marine  
  94  6:54  SCV x2  
  97  7:02  Barracks  
  97  7:03  Siege Tank, Barracks  
  97  7:06  Orbital Command  
  100  7:09  Marine  
  100  7:12  Marine, Supply Depot  
  100  7:13  SCV  
  100  7:15  Marine, SCV  
  104  7:16  Marine  
  104  7:18  Marine  
  107  7:23  Medivac  
  107  7:25  Medivac  
  107  7:29  Marine  
  112  7:30  SCV  
  112  7:31  Orbital Command  
  112  7:33  Marine  
  112  7:34  SCV, Supply Depot  
  114  7:42  SCV  
  114  7:43  Siege Tank, Marine  
  118  7:45  Marine  
  118  7:46  SCV  
  118  7:47  Marauder, Marine  
  118  7:51  Marine  
  124  7:52  Barracks Reactor, Barracks Tech Lab  
  124  7:54  SCV  
  124  7:57  SCV  
  126  7:59  Supply Depot  
  126  8:00  SCV  
  126  8:01  Marine  
  128  8:06  Medivac x2, SCV  
  128  8:09  Marine  
  128  8:10  SCV  
  130  8:13  Marine x2  
  130  8:14  Marauder  
  130  8:17  SCV  
  133  8:20  Marauder  
  133  8:21  Bunker  
  133  8:22  Marine  
  133  8:27  Marine  
  136  8:29  Marine, Supply Depot  
  136  8:30  Marine  
  136  8:31  Marine x2  
  136  8:32  Supply Depot  
  141  8:35  SCV x3  
  141  8:40  Siege Tank  
  146  8:43  Marauder  
  146  8:45  Marine x2  
  146  8:47  SCV x2  
  146  8:51  Marine  
  146  8:52  Marine, Armory  
  146  8:53  SCV  
  143  8:58  Marine  
  143  8:59  SCV  
  136  9:03  Medivac x2  
  136  9:05  Marine  
  136  9:07  SCV x2  
  138  9:10  Marauder  
  138  9:11  Marine x3, SCV  
  138  9:13  Marauder  
  138  9:15  Marine  
  146  9:19  Siege Tank, SCV  
  145  9:24  Marine  
  145  9:27  Command Center  
  145  9:30  Marine  
  144  9:33  Medivac x2  
  144  9:36  Marine  
  144  9:37  Marine x3  
  147  9:38  Marauder x2  
  147  9:40  Factory  
  147  9:41  Refinery  
  147  9:42  Terran Infantry Weapons Level 2  
  147  9:47  Marine, Supply Depot  
  147  9:48  Marine, Refinery  
  149  9:54  Marine  
  149  9:55  Marine  
  149  9:57  Terran Infantry Armor Level 2  
  149  9:58  Marine x2  
  149  9:59  Marine x2, Supply Depot  
  154  10:03  SCV x3  
  154  10:06  Supply Depot  
  157  10:08  Marine  
  158  10:16  Barracks, Missile Turret  
  158  10:17  Marauder  
  158  10:18  Barracks, Marine, Terran Vehicle Weapons Level 1  
  158  10:19  Barracks  
  161  10:22  Siege Tank, Marine  
  165  10:29  Marauder, Marine  
  165  10:33  Marine x2  
  170  10:36  Supply Depot  
  170  10:37  Medivac  
  170  10:38  Marine x2  
  170  10:41  SCV x3, Factory Tech Lab  
  176  10:49  Refinery  
  176  10:52  Marauder, Marine  
  176  10:53  Marine, Refinery, SCV  
  176  10:54  Siege Tank, Marine  
  180  10:58  Marine  
  180  11:00  SCV  
  180  11:02  Siege Tank  
  184  11:05  Medivac, Marine x2  
  184  11:06  Marine  
  184  11:08  Marine x2  
  191  11:12  Marine, SCV x2  
  191  11:16  SCV, Missile Turret  
  191  11:18  Marine x2  
  192  11:20  Marine  
  192  11:25  Marauder x2, Medivac, Marine x2  
  197  11:26  Planetary Fortress  
  197  11:29  Marine  
  200  11:33  Sensor Tower  
  200  11:48  Ghost Academy, Command Center  
  200  11:49  Barracks Tech Lab x2  
  200  11:50  Barracks Tech Lab  
  200  11:59  Command Center  
  200  12:00  Missile Turret  
  200  12:03  Siege Tank x2  
  200  12:07  Marine x3  
  193  12:11  Marauder x2  
  193  12:12  Marine x2  
  193  12:13  Marine  
  182  12:17  Ghost  
  182  12:22  Ghost x2  
  188  12:34  Ghost x2  
  186  12:43  Command Center  
  186  12:45  Terran Vehicle Weapons Level 2  
  186  12:46  Ghost, Missile Turret  
  186  12:48  Factory Tech Lab  
  186  12:50  Terran Infantry Weapons Level 3  
  187  12:54  Siege Tank  
  187  12:57  Ghost  
  192  13:01  Sensor Tower  
  192  13:03  Terran Infantry Armor Level 3  
  189  13:08  Siege Tank  
  189  13:09  Marine x2  
  194  13:22  Refinery  
  194  13:23  Refinery  
  194  13:26  Siege Tank  
  197  13:28  Ghost  
  196  13:40  Siege Tank  
  194  13:41  Command Center  
  194  13:42  Ghost  
  194  13:44  Marine  
  194  13:45  Marine  
  190  13:49  Marine  
  190  13:50  Marine x2  
  189  13:56  Ghost  
  189  13:57  Marine  
  189  13:58  Siege Tank, Marine  
  193  14:05  Marine  
  193  14:06  Marine  
  193  14:08  Ghost  
  193  14:09  Marine x2  
  168  14:10  Marine x3  
  168  14:12  Siege Tank  
  168  14:15  Planetary Fortress  
  174  14:23  Marine, Ghost  
  174  14:24  Marine  
  164  14:26  Marine  
  164  14:28  Marine  
  164  14:30  Siege Tank, Marine x3  
  164  14:31  Marine x2  
  167  14:36  Factory  
  168  14:40  Medivac x2, Ghost  
  168  14:41  Marine x2  
  168  14:44  Siege Tank, Marine  
  168  14:47  Orbital Command  
  168  14:50  Ghost  
  167  14:55  Marine  
  167  14:57  Marine  
  167  14:58  Concussive Shells  
  158  15:02  Siege Tank  
  158  15:06  Ghost  
  161  15:07  Ghost  
  161  15:10  Medivac  
  161  15:14  Missile Turret  
  167  15:15  Marine  
  167  15:16  Siege Tank  
  167  15:17  Marine x3  
  170  15:23  Ghost  
  170  15:25  Orbital Command  
  172  15:32  Command Center  
  172  15:34  Siege Tank  
  175  15:41  Ghost  
  175  15:42  Missile Turret  
  177  15:44  Orbital Command  
  177  15:48  Siege Tank, Terran Vehicle Weapons Level 3  
  180  15:50  Personal Cloaking  
  180  16:02  Ghost  
  182  16:06  Siege Tank, Ghost, Missile Turret  
  182  16:11  Ghost  
  187  16:15  Command Center  
  189  16:19  Ghost  
  189  16:20  Siege Tank, Missile Turret  
  189  16:25  Command Center  
  191  16:32  Refinery  
  191  16:34  Sensor Tower  
  191  16:35  Factory, Refinery  
  191  16:36  Factory  
  191  16:37  Missile Turret  
  191  16:42  Ghost  
  191  16:44  Ghost Academy  
  186  16:56  Siege Tank  
  186  16:58  Ghost  
  186  16:59  Ghost  
  193  17:05  Ghost  
  193  17:08  Command Center  
  195  17:18  Planetary Fortress  
  195  17:22  Command Center  
  195  17:25  Factory Tech Lab x3  
  195  17:39  Siege Tank  
  195  17:42  Ghost  
  200  18:00  Planetary Fortress  
  200  18:06  Starport, Fusion Core  
  200  18:08  Starport  
  200  18:09  Refinery  
  200  18:10  Sensor Tower  
  200  18:11  Refinery  
  200  18:12  Missile Turret  
  200  18:25  Terran Vehicle And Ship Armor Level 1  
  200  18:31  Infernal Pre-Igniter  
  200  18:37  Orbital Command  
  200  18:38  Orbital Command  
  197  18:51  Siege Tank  
  197  19:06  Missile Turret  
  197  19:07  Sensor Tower  
  194  19:11  Starport Reactor x2  
  194  19:12  Liberator x2  
  200  19:18  Command Center  
  200  19:50  Ghost x3  
  200  19:51  Ghost x2  
  200  19:52  Liberator x4  
  199  20:06  Advanced Ballistics  
  199  20:33  Terran Vehicle And Ship Armor Level 2  
  199  20:39  Planetary Fortress  
  199  20:41  Command Center  
  199  20:44  Command Center  
  199  20:46  Orbital Command  
  199  20:47  Orbital Command  
  199  20:48  Factory  
  199  20:55  Nuke x2  
  197  21:06  Liberator  
  197  21:07  Liberator  
  197  21:08  Sensor Tower, Missile Turret  
  195  21:15  Liberator  
  198  21:25  Hi-Sec Auto Tracking, Neosteel Armor  
  198  21:28  Ghost  
  200  21:43  Orbital Command  
  198  22:29  Orbital Command  
  198  22:40  Sensor Tower, Missile Turret  
  199  22:45  Liberator x3  
  199  22:59  Refinery  
  199  23:01  Command Center  
  199  23:02  Ghost  
  199  23:03  Missile Turret  
  198  23:09  Planetary Fortress  
  198  23:13  Ghost  
  198  23:17  Nuke x2  
  200  23:25  Refinery  
  200  23:38  Marine  
  194  23:43  Siege Tank  
  190  23:50  Liberator x2  
  196  24:02  Refinery  
  196  24:12  Ghost x2  
  200  24:23  Siege Tank, Ghost  
  195  24:25  Siege Tank, Liberator  
  195  24:27  Liberator  
  195  24:28  Liberator, Ghost  
  195  24:30  Ghost  
  198  24:38  Liberator, Planetary Fortress  
  193  24:41  Missile Turret  
  193  24:42  Missile Turret  
  196  24:49  Ghost x2  
  200  24:54  Thor  
  197  25:02  Viking  
  199  25:11  Orbital Command  
  198  25:16  Command Center  
  195  25:27  Thor  
  196  25:40  Ghost  
  198  25:44  Ghost  
  200  25:53  Terran Vehicle And Ship Armor Level 3  
  200  26:09  Thor x2  
  196  26:29  Viking x2  
  196  26:32  Thor x3  
  196  26:35  Hellbat x2, Ghost x2  
  189  26:48  Ghost  
  185  26:54  Ghost, Orbital Command  
  185  26:56  Thor  
  185  26:57  Hellion  
  185  27:00  Command Center  
  192  27:15  Thor  
  195  27:24  Missile Turret  
  195  27:35  Ghost  
  193  28:06  Ghost  
  193  28:08  Ghost  
  193  28:11  Ghost  
  199  28:20  Orbital Command  
  199  28:24  Orbital Command  
  199  28:31  Terran Ship Weapons Level 1  
  199  28:45  Refinery  
  199  28:49  Refinery  
  199  28:53  Nuke x2  
  199  29:06  Ghost  
  199  29:44  Nuke  
  199  30:06  Nuke  
  199  30:13  Ghost  
  200  30:17  Ghost  
  199  30:26  Ghost x2  
  199  30:31  Nuke  
  196  30:39  Terran Ship Weapons Level 2  
  191  30:46  Ghost  
  191  30:57  Ghost  
  191  30:58  Ghost  
  193  31:13  Ghost x2  
  193  31:15  Ghost  
  197  31:26  Ghost  
  199  31:38  Ghost  
  197  31:42  Ghost x2  
  197  31:43  Ghost  
  195  31:54  Ghost  
  197  32:03  Command Center  
  197  32:06  Ghost  
  199  32:39  Missile Turret  
  199  32:41  Missile Turret  
  199  32:55  Nuke  
  199  32:58  Ghost  
  199  33:00  Ghost  
  199  33:01  Ghost  
  199  33:03  Ghost  
  190  33:07  Hellion x3  
  190  33:09  Siege Tank  
  190  33:10  Siege Tank  
  190  33:11  Siege Tank  
  186  33:14  Thor  
  186  33:15  Orbital Command  
  186  33:17  Nuke  
  184  33:20  Orbital Command  
  184  33:57  Ghost  
  184  34:00  Ghost x2  
  184  34:02  Ghost  
  192  34:10  Ghost  
  194  34:29  Ghost  
  189  34:49  Liberator  
  189  34:50  Liberator x2  
  195  35:23  Ghost  
  197  35:29  Ghost  
  197  36:05  Ghost  
  197  36:09  Ghost  
  194  36:15  Refinery  
  194  36:17  Ghost  
  194  36:18  Refinery  
  196  36:33  Hellion x2  
  191  36:50  Liberator x2  
  197  36:56  Hellbat  
  197  36:57  Orbital Command  
  187  37:16  Liberator x2  
  187  37:17  Liberator  
  196  37:26  Liberator  
  199  37:33  Missile Turret  
  186  37:46  Liberator  
  189  38:09  Ghost  
  191  38:16  Liberator x2  
Show
View Real Time Build Order
Export as new Build Order

Dark Zerg 

Build Orders: Hatch First 

Get SALT Encoding   

  12  0:00  Drone  
  13  0:12  Overlord  
  13  0:17  Drone  
  14  0:31  Drone x2  
  16  0:47  Hatchery  
  15  0:51  Drone  
  15  0:55  Drone  
  17  0:58  Drone  
  18  1:10  Extractor  
  17  1:14  Spawning Pool  
  17  1:16  Drone  
  17  1:19  Drone  
  18  1:28  Drone  
  19  1:39  Drone  
  20  1:50  Drone  
  21  2:01  Queen x2  
  21  2:02  Zergling x4  
  27  2:13  Zergling x2, Overlord  
  28  2:24  Hatchery  
  28  2:28  Drone  
  28  2:32  Drone x2  
  28  2:35  Drone  
  31  2:39  Queen  
  31  2:48  Queen  
  33  2:53  Zergling x4  
  33  2:57  Drone  
  36  3:00  Overlord  
  36  3:04  Metabolic Boost  
  36  3:19  Drone x4  
  40  3:26  Queen  
  40  3:29  Queen  
  40  3:31  Zergling x2  
  40  3:32  Zergling x2  
  43  3:46  Zergling x4  
  44  3:54  Zergling x4  
  44  3:55  Queen, Overlord  
  48  3:56  Zergling x2  
  48  4:00  Overlord  
  49  4:03  Overlord  
  49  4:08  Overlord  
  49  4:10  Overlord  
  49  4:14  Drone x2  
  49  4:15  Drone  
  49  4:16  Zergling x2  
  53  4:17  Zergling x2  
  54  4:24  Zergling x4  
  56  4:32  Drone  
  56  4:36  Drone x5  
  63  4:38  Drone  
  63  4:39  Drone x2  
  63  4:42  Drone  
  66  4:46  Drone  
  66  4:51  Drone x2  
  65  4:55  Drone  
  65  5:01  Drone  
  65  5:02  Drone  
  65  5:06  Extractor x2  
  65  5:09  Drone  
  65  5:10  Drone  
  65  5:13  Lair  
  65  5:14  Drone, Roach Warren  
  68  5:16  Queen  
  68  5:17  Drone  
  70  5:22  Drone  
  70  5:23  Drone  
  70  5:25  Drone  
  73  5:32  Drone x2  
  73  5:34  Drone x2  
  77  5:37  Drone x2  
  77  5:40  Overlord  
  77  5:42  Drone x2  
  81  5:44  Overlord  
  81  5:48  Extractor, Drone x2  
  82  5:51  Extractor  
  82  5:53  Extractor  
  82  5:55  Evolution Chamber  
  82  5:56  Evolution Chamber  
  78  5:57  Roach x2  
  78  6:00  Roach x3  
  78  6:01  Roach  
  78  6:03  Roach x2  
  94  6:05  Roach  
  96  6:13  Overlord x2  
  96  6:15  Overlord x2  
  96  6:17  Overlord  
  95  6:27  Overlord x2  
  95  6:29  Zerg Ground Armor Level 1, Zerg Missile Weapons Level 1  
  94  6:33  Drone x7  
  94  6:35  Glial Reconstitution  
  94  6:39  Roach x2  
  105  6:42  Drone x2  
  105  6:45  Roach  
  109  6:49  Roach x2  
  109  6:51  Roach  
  109  6:52  Roach  
  117  7:03  Roach x3  
  117  7:05  Roach x3  
  117  7:07  Overlord  
  129  7:11  Overlord  
  129  7:14  Drone x2  
  131  7:16  Roach x3  
  131  7:21  Roach x2  
  141  7:28  Hatchery  
  140  7:30  Roach x2  
  140  7:34  Roach x3  
  148  7:37  Roach  
  148  7:40  Roach x2  
  148  7:43  Roach x2  
  158  7:45  Overlord  
  158  7:47  Overlord  
  158  7:50  Overlord  
  158  7:51  Overlord  
  158  7:54  Overlord  
  158  7:55  Overseer  
  158  7:59  Ravager x4  
  158  8:03  Ravager  
  158  8:05  Roach x3  
  169  8:06  Roach x2  
  169  8:08  Ravager, Roach  
  169  8:09  Ravager  
  171  8:15  Roach x3  
  171  8:18  Roach x2  
  171  8:19  Roach  
  183  8:21  Ravager  
  183  8:22  Ravager x2  
  186  8:27  Roach x2  
  186  8:28  Roach x2  
  186  8:32  Zergling x4  
  196  8:35  Roach  
  171  8:49  Drone x10  
  179  8:58  Zerg Missile Weapons Level 2, Zerg Ground Armor Level 2  
  179  9:00  Roach x3  
  179  9:02  Roach x2  
  153  9:05  Roach  
  153  9:09  Roach x3  
  143  9:17  Roach x5  
  150  9:18  Roach  
  150  9:20  Roach  
  150  9:21  Roach  
  150  9:23  Roach  
  150  9:24  Roach  
  142  9:28  Roach x2  
  146  9:33  Roach x4  
  154  9:44  Tunneling Claws, Burrow  
  154  9:48  Hatchery  
  153  9:54  Extractor  
  153  9:55  Drone  
  153  9:56  Extractor  
  153  9:59  Infestation Pit  
  151  10:02  Roach  
  151  10:03  Roach, Zergling x18  
  151  10:05  Ravager  
  165  10:09  Drone  
  166  10:16  Roach x3  
  166  10:21  Roach  
  174  10:28  Zergling x16  
  181  10:30  Ravager x2  
  181  10:31  Ravager  
  181  10:32  Hatchery  
  184  10:38  Hive  
  184  10:42  Pathogen Glands  
  184  10:45  Overlord x2  
  184  10:47  Ravager x2  
  172  11:02  Roach x8  
  184  11:10  Roach x7  
  184  11:15  Infestor  
  184  11:16  Roach x2, Infestor  
  184  11:17  Infestor  
  186  11:23  Infestor  
  186  11:25  Roach  
  173  11:27  Roach  
  173  11:30  Ravager  
  173  11:31  Zergling x28  
  190  11:42  Ravager  
  190  11:43  Ravager x2  
  193  11:50  Hydralisk Den  
  193  11:51  Infestor  
  193  11:53  Roach  
  194  12:01  Roach x3  
  195  12:06  Roach  
  173  12:14  Viper x2  
  171  12:16  Zergling x16  
  179  12:26  Roach x8  
  193  12:35  Drone x4  
  193  12:36  Lurker Den  
  196  12:40  Drone x2  
  196  12:43  Drone  
  199  12:46  Grooved Spines  
  199  12:48  Drone  
  200  12:55  Zerg Missile Weapons Level 3  
  200  12:57  Spore Crawler  
  199  12:59  Spore Crawler  
  195  13:05  Drone  
  195  13:06  Drone x3  
  195  13:07  Spore Crawler  
  198  13:13  Spore Crawler x2  
  198  13:14  Extractor  
  198  13:15  Extractor, Zerg Ground Armor Level 3  
  198  13:16  Infestor  
  194  13:24  Hatchery  
  193  13:29  Infestor  
  193  13:32  Hydralisk x3  
  193  13:34  Zergling x6  
  193  13:37  Infestor  
  191  13:43  Roach x4  
  190  13:57  Muscular Augments  
  190  14:00  Roach x3  
  192  14:07  Roach x10  
  192  14:08  Roach x3  
  191  14:13  Roach x2  
  191  14:14  Zergling x22  
  198  14:23  Roach x8  
  197  14:29  Hydralisk x4  
  197  14:31  Hydralisk  
  190  14:32  Hydralisk  
  190  14:35  Hydralisk  
  191  14:41  Adaptive Talons  
  191  14:45  Drone  
  174  14:54  Hydralisk x2  
  174  14:56  Drone x2  
  156  15:01  Lurker x6  
  156  15:03  Drone  
  156  15:04  Drone x4  
  156  15:05  Drone x2  
  167  15:11  Drone x2  
  167  15:12  Lurker x2, Drone  
  172  15:17  Hydralisk x3  
  172  15:18  Hydralisk  
  176  15:28  Hydralisk x2  
  176  15:30  Hydralisk x2  
  184  15:37  Zerg Melee Weapons Level 1  
  184  15:38  Seismic Spines  
  184  15:40  Drone  
  185  15:48  Pneumatized Carapace  
  185  15:50  Extractor, Spore Crawler, Drone x2  
  185  15:52  Extractor  
  185  15:53  Hydralisk  
  186  15:58  Baneling Nest  
  183  16:20  Hatchery, Nydus Network  
  183  16:23  Drone x4  
  183  16:25  Overlord x4  
  185  16:35  Adrenal Glands  
  185  16:41  Centrifugal Hooks  
  185  16:47  Drone  
  185  16:50  Zergling x28  
  200  17:00  Overseer  
  200  17:09  Hatchery  
  198  17:30  Lurker x2  
  200  17:42  Overlord  
  200  17:43  Overlord  
  198  17:57  Zergling x2  
  199  18:02  Nydus Canal  
  199  18:05  Baneling x3  
  199  18:06  Baneling x11  
  199  18:12  Overlord x2  
  199  18:13  Overseer x4  
  199  18:14  Overseer x2  
  199  18:15  Overlord x3  
  199  18:39  Infestor  
  198  18:42  Nydus Canal  
  198  18:51  Overseer x2  
  198  19:01  Hydralisk x2  
  199  19:05  Nydus Canal  
  193  19:11  Zergling x14  
  199  19:19  Zerg Melee Weapons Level 2  
  184  19:53  Hydralisk x3  
  184  19:54  Hydralisk x4  
  184  19:55  Nydus Canal  
  184  19:58  Zergling x4  
  199  20:02  Overseer, Spore Crawler  
  199  20:06  Overseer  
  198  20:22  Spire x2  
  196  20:29  Extractor  
  196  20:30  Extractor  
  191  20:38  Zergling x16  
  199  21:04  Hatchery  
  196  21:16  Zergling x6  
  199  21:34  Hatchery  
  199  21:37  Zergling x14  
  199  21:41  Baneling x17  
  199  21:42  Baneling x3  
  192  21:50  Overseer x8  
  184  21:55  Nydus Canal  
  184  21:56  Zergling x34  
  184  21:57  Zergling x6  
  195  22:04  Zergling x6  
  195  22:05  Zergling x4  
  189  22:10  Zergling x10  
  189  22:11  Zergling x8  
  189  22:14  Greater Spire, Zerg Flyer Weapons Level 1  
  189  22:15  Queen x3, Infestor x7  
  188  22:16  Queen x3  
  188  22:19  Baneling x11  
  192  22:29  Infestor x4  
  200  22:41  Zerg Melee Weapons Level 3  
  200  22:43  Baneling  
  200  22:44  Baneling x3  
  190  23:02  Corruptor x5  
  194  23:16  Corruptor x2  
  198  23:40  Spore Crawler x2  
  187  23:43  Viper x2  
  187  23:47  Neural Parasite  
  190  23:53  Drone x2  
  190  23:54  Drone  
  193  23:56  Extractor  
  193  23:57  Drone x2  
  191  24:09  Brood Lord x6  
  200  24:12  Spore Crawler  
  200  24:13  Spore Crawler  
  200  24:14  Spore Crawler  
  170  24:30  Corruptor x3  
  170  24:31  Corruptor x2  
  162  24:32  Drone x3  
  162  24:33  Extractor  
  164  24:39  Spore Crawler  
  164  24:41  Brood Lord  
  165  24:47  Corruptor x12  
  177  24:54  Zergling x32  
  177  24:57  Spore Crawler  
  177  24:58  Spore Crawler  
  191  25:01  Zerg Flyer Armor Level 1, Zerg Flyer Weapons Level 2  
  185  25:08  Baneling x6  
  185  25:14  Brood Lord x5  
  194  25:24  Baneling x3  
  194  25:25  Baneling  
  191  25:38  Brood Lord x4  
  199  26:13  Spore Crawler  
  199  26:14  Spore Crawler  
  199  26:15  Spore Crawler  
  190  26:31  Infestor x11  
  197  26:47  Drone x3  
  197  26:49  Infestor  
  197  26:50  Infestor x2  
  199  26:55  Zerg Flyer Armor Level 2  
  199  26:58  Nydus Canal  
  199  27:12  Hatchery  
  191  27:17  Viper x2  
  191  27:18  Hatchery  
  191  27:19  Extractor  
  191  27:20  Zerg Flyer Weapons Level 3  
  196  27:47  Hatchery  
  193  27:52  Zergling x14  
  193  28:19  Zergling x12  
  199  28:28  Baneling  
  199  28:29  Baneling x14  
  199  28:38  Extractor, Hatchery  
  198  28:47  Extractor, Baneling  
  198  28:48  Baneling x15  
  193  29:07  Zergling x12  
  199  29:26  Hatchery  
  198  29:42  Spore Crawler x2  
  198  29:43  Spore Crawler  
  198  29:44  Zerg Flyer Armor Level 3  
  198  29:45  Spore Crawler  
  193  29:49  Spore Crawler  
  193  29:50  Spore Crawler  
  186  29:55  Corruptor x7  
  195  30:11  Hatchery  
  194  30:17  Nydus Canal  
  190  30:28  Zergling x26  
  197  30:42  Corruptor x2  
  199  30:45  Extractor  
  188  31:09  Brood Lord x2  
  190  31:29  Extractor  
  190  31:30  Zergling x28  
  199  31:52  Spine Crawler  
  198  31:54  Baneling x2  
  180  33:10  Corruptor x4  
  178  33:37  Infestor x4  
  178  33:38  Infestor x9  
  178  33:41  Extractor, Zergling x18  
  170  33:42  Zergling x4  
  179  33:55  Hatchery  
  175  34:08  Zergling x14  
  179  34:27  Zergling x18  
  188  34:49  Drone x3  
  188  34:51  Drone  
  192  35:02  Drone x3  
  192  35:04  Extractor  
  192  35:08  Spore Crawler  
  188  35:25  Zergling x18  
  194  35:32  Spore Crawler  
  194  35:35  Brood Lord x3  
  196  35:59  Zergling x8  
  190  36:20  Corruptor x4  
  198  36:25  Drone x2  
  199  36:43  Drone  
  196  37:06  Drone x5  
  196  37:34  Corruptor x2  
  174  37:50  Overseer x5  
  174  37:51  Corruptor  
  180  37:52  Zergling x4  
  180  37:53  Zergling x24  
  181  38:07  Zergling x10  
  186  38:17  Corruptor x4  
  192  38:32  Zergling x12  
  189  39:00  Zergling x26  
  189  39:01  Zergling x2  
Tags
 
Add a new tag
Caveats
  • Supply blocks, unpowered buildings, or Contaminate may cause inaccurate times.
  • Supply counts are checked every 10 seconds.